 Dungeon Crawl Stone Soup version 0.31-a0-237-g2d982f9f85 (webtiles) character file.

Game seed: 6473635579653887964

252 qw the Shooter (level 5, -2/45 HPs)
             Began as a Minotaur Hexslinger on July 11, 2023.
             Slain by Sigmund
             ... wielding a +1 scythe of freezing
              (5 damage)
             ... on level 4 of the Dungeon.
             The game lasted 00:01:11 (2797 turns).

qw the Shooter (Minotaur Hexslinger)                Turns: 2797, Time: 00:01:12

Health: -2/45      AC:  5    Str: 12    XL:     5   Next: 89%
Magic:  5/5        EV: 11    Int: 10    God:
Gold:   129        SH:  0    Dex: 15    Spells: 5/6 levels left

rFire   . . .        Y - +1 sling (flame)
rCold   . . .        (no shield)
rNeg    . . .        d - +0 ring mail
rPois   .            (helmet restricted)
rElec   .            (no cloak)
rCorr   .            (no gloves)
SInv    .            (no boots)
Will    .....        (no amulet)
Stlth   +            (no ring)
HPRegen 0.27/turn    (no ring)
MPRegen 0.09/turn

%: no passive effects
@: no status effects
A: horns 2, retaliatory headbutt
a: no special abilities


You were on level 4 of the Dungeon.
You visited 1 branch of the dungeon, and saw 4 of its levels.

You collected 129 gold pieces.


Innate Abilities, Weirdness & Mutations

You have a pair of horns on your head.
You reflexively headbutt those who attack you in melee.


   Skills:
 + Level 3.3 Fighting
 - Level 6.0 Ranged Weapons
 - Level 1.0 Armour
 - Level 2.1 Dodging
 - Level 1.0 Spellcasting
 - Level 2.0 Hexes


You had 5 spell levels left.
You knew the following spells:

 Your Spells              Type           Power      Damage    Failure   Level
a - Slow                  Hex            16%        N/A       34%         1

Your spell library contained the following spells:

 Spells                   Type           Power      Damage    Failure   Level
 Inner Flame              Hex/Fire       2%         N/A       83%         3
 Portal Projectile        Hex/Tloc       4%         N/A       83%         3
 Cause Fear               Hex            2%         N/A       98%         4

Inventory:

Hand Weapons
 Y - a +1 sling of flaming (weapon)
Armour
 d - a +0 ring mail (worn)
Scrolls
 b - a scroll of teleportation
 c - a scroll of identify
 f - a scroll of amnesia {unknown}
Potions
 a - a potion of resistance {unknown}
 e - a potion of curing {unknown}
 g - a potion of brilliance {unknown}
 i - a potion of enlightenment {unknown}

Dungeon Overview and Level Annotations

Branches:
Dungeon (4/15)
 Temple: D:4-7

Altars:
Kikubaaqudgha
Vehumet

Shops:
D:2 [

Annotations:
D:4 Sigmund


Message History

Autopickup is now on.
There is a strange disturbance nearby!
2783 ||| Stepping randomly (disturbance).
2784 ||| Stepping randomly (disturbance).
2785 ||| Stepping randomly (disturbance).
Something hits you but does no damage.
Deactivating autopickup; reactivate with Ctrl-A.
Autopickup is now on.
You start resting.
You hear some strange, mumbled words.
A magic dart appears from out of thin air!
Deactivating autopickup; reactivate with Ctrl-A.
The magic dart hits you!
You shoot a sling bullet.
You hear some strange, mumbled words.
A puff of flame appears from out of thin air!
The puff of flame misses you.
You shoot a sling bullet. Something hits you. Something freezes you.
You shoot a sling bullet.
You hear some strange, mumbled words.
You are confused.
You shoot a sling bullet. Something hits you. Something freezes you.
You shoot a sling bullet. Something hits you. Something freezes you.
You shoot a sling bullet.
You hear some strange, mumbled words.
A magic dart appears from out of thin air!
The magic dart hits you but does no damage.
You shoot a sling bullet.
You feel less confused. Something hits you but does no damage.
You shoot a sling bullet. Something hits you. Something freezes you.
You shoot a sling bullet. Something hits you but does no damage.
You shoot a sling bullet. Something hits you.
You die...

#
##############.#
#...@{.........#
##.###########.#
#.#....# ..
##.#.##.# ##
#....##.#
#######.# #.#
#.# #.#.#


There were no monsters in sight!

Vanquished Creatures
  A black bear (D:3)
  A hound (D:3)
  2 adders
  A worm (D:2)
  5 dart slugs
  8 ball pythons
  9 endoplasms
  3 giant cockroaches
  10 goblins
  8 hobgoblins
  10 jackals (D:1)
  6 quokkas
  11 bats
  3 frilled lizards
  4 kobolds
  4 rats
86 creatures vanquished.

Notes
Turn   | Place    | Note
-------+----------+-------------------------------------------
     0 | D:1      | qw the Minotaur Hexslinger began the quest for the Orb.
     0 | D:1      | Reached XP level 1. HP: 16/16 MP: 1/1
     0 | D:1      | 0 ||| qw: Version: 0.3-a-52-g30416fa
     0 | D:1      | 0 ||| qw: Game counter: 5483
     0 | D:1      | 0 ||| qw: Melee chars always use a shield: true
     0 | D:1      | 0 ||| qw: God list: Okawaru
     0 | D:1      | 0 ||| qw: Allow faded altars: false
     0 | D:1      | 0 ||| qw: Do Orc after clearing Dungeon:15 true
     0 | D:1      | 0 ||| qw: Do second Lair branch before Depths: true
     0 | D:1      | 0 ||| qw: Lair rune preference: random
     0 | D:1      | 0 ||| qw: Goals: Normal
     0 | D:1      | 0 ||| PLANNING D:1-11
    66 | D:1      | Reached skill level 3 in Ranged Weapons
    90 | D:1      | Reached XP level 2. HP: 23/23 MP: 2/2
   231 | D:1      | Reached XP level 3. HP: 28/29 MP: 3/3
   503 | D:1      | Reached skill level 4 in Ranged Weapons
   773 | D:1      | 773 ||| UPGRADING to +0 ring mail.
   783 | D:1      | 783 ||| DROPPING +0 robe.
   784 | D:1      | 784 ||| READING scroll labelled ICVOCRACAWK.
   787 | D:1      | 787 ||| READING scroll labelled YCWUZO QELY.
   788 | D:1      | 788 ||| READING scroll labelled MITUOQ BIBEIRO.
   789 | D:1      | 789 ||| READING scroll labelled PIWONU FEATAJA.
   790 | D:1      | 790 ||| DROPPING scroll of poison.
   974 | D:2      | Reached skill level 1 in Armour
  1043 | D:2      | Reached XP level 4. HP: 20/36 MP: 4/4
  1246 | D:2      | Found Wyab's Armour Boutique.
  1252 | D:2      | 1252 ||| SHOPLISTING +1 cloak of poison resistance (189
                  | gold, have 60).
  1397 | D:2      | Found an ancient bone altar of Kikubaaqudgha.
  1858 | D:2      | 1858 ||| READING scroll labelled ETZOUL XOOMOMOANWE.
  1859 | D:2      | 1859 ||| READING scroll labelled TECARI YCEORU.
  1860 | D:2      | 1860 ||| READING 2 scrolls of identify.
  1860 | D:2      | 1860 ||| IDENTIFYING fuming red potion
  1861 | D:2      | 1861 ||| DROPPING potion of lignification.
  2081 | D:3      | Noticed a black bear
  2092 | D:3      | Killed a black bear
  2093 | D:3      | Reached skill level 6 in Ranged Weapons
  2093 | D:3      | Reached XP level 5. HP: 30/41 MP: 5/5
  2158 | D:3      | Found a radiant altar of Vehumet.
  2282 | D:3      | Reached skill level 3 in Fighting
  2308 | D:3      | 2308 ||| READING scroll of brand weapon.
  2308 | D:3      | 2308 ||| BRANDING +1 sling of draining.
  2546 | D:3      | 2546 ||| READING scroll labelled PORGHU GAUFF.
  2547 | D:3      | 2547 ||| DRINKING 2 bubbling purple potions.
  2754 | D:4      | Noticed Sigmund
  2774 | D:4      | HP: 11/45 [Sigmund/puff of flame (4)]
  2775 | D:4      | 2775 ||| DRINKING potion of heal wounds.
  2783 | D:4      | 2783 ||| Stepping randomly (disturbance).
  2784 | D:4      | 2784 ||| Stepping randomly (disturbance).
  2785 | D:4      | 2785 ||| Stepping randomly (disturbance).
  2792 | D:4      | HP: 11/45 [something (5)]
  2795 | D:4      | HP: 4/45 [something (6)]
  2797 | D:4      | Slain by Sigmund

Levels and vault maps discovered:
D:1:      heliophobic_arrival_ceremonial_halls, layout_rooms, serial_curves,
          eino_curves_03, eino_curves_04, eino_curves_03, eino_curves_03
D:2:      layout_loops_corners, serial_bayou, serial_bayou_pond_a,
          serial_bayou_pond_e, serial_bayou_pond_a, serial_bayou_pond_e,
          basic_altar, serial_shops, nicolae_shop_advertising_works
          [nicolae_subvault_shop_adworks], st_stairs_7
D:3:      layout_loops_ring, vehumet_crystals
D:4:      layout_basic, uniq_pikel, uniq_sigmund

Skill      XL: |  1  2  3  4  5 |
---------------+----------------+-----
Ranged Weapons | 3 4 6 |  6.0
Fighting       | 2 3 |  3.3
Armour         | 1 |  1.0
Dodging        | |  2.1
Spellcasting   | |  1.0
Hexes          | |  2.0

Action                     |  1- 3 |  4- 6 || total
---------------------------+-------+-------++-------
   Fire: Sling             |   129 |   146 ||   275
    Use: Scroll            |     4 |     5 ||     9
         Potion            |       |     2 ||     2
 Armour: Robe              |     9 |       ||     9
         Ring mail         |     7 |    36 ||    43
  Dodge: Dodged            |    47 |    53 ||   100

Table legend:
 A = Non-vault XP
 B = Vault XP
 C = Vault XP percentage of total XP
 D = Non-vault monster count
 E = Vault monster count
 F = Vault count percentage of total count
                 A         B        C        D         E       F
            +---------+---------+-------+---------+---------+-------
      Total |     357 |       3 |   0.8 |      84 |       2 |   2.3
            +---------+---------+-------+---------+---------+-------
        D:1 |      78 |       0 |   0.0 |      42 |       0 |   0.0
        D:2 |      55 |       3 |   5.2 |      21 |       2 |   8.7
        D:3 |     218 |       0 |   0.0 |      18 |       0 |   0.0
        D:4 |       6 |       0 |   0.0 |       3 |       0 |   0.0
            +---------+---------+-------+---------+---------+-------
